 Dungeon Crawl Stone Soup version 0.30.0-13-g156ef70053 (webtiles) character file.

Game seed: 13131677340936366176

132 Esekla the Grave Robber (level 5, -6/33 HPs)
             Began as an Octopode Necromancer on May 17, 2023.
             Mangled by a gnoll
             ... wielding a +0 flail
              (11 damage)
             ... on level 4 of the Dungeon.
             The game lasted 00:09:58 (1941 turns).

Esekla the Grave Robber (Octopode Necromancer)      Turns: 1941, Time: 00:09:58

Health: -6/33      AC:  1    Str:  8    XL:     5   Next: 15%
Magic:  1/8        EV: 13    Int: 19    God:
Gold:   202        SH:  0    Dex: 12    Spells: 5/9 levels left

rFire   . . .        b - +0 dagger
rCold   . . .        (no shield)
rNeg    . . .        (helmet restricted)
rPois   +            (no amulet)
rElec   .            e - ring of poison resistance
rCorr   +            i - ring of resist corrosion
SInv    .            (no ring)
Will    .....        (no ring)
Stlth   +++          (no ring)
HPRegen 0.25/turn    (no ring)
MPRegen 0.11/turn    (no ring)
                     (no ring)

%: no passive effects
@: no status effects
A: almost no armour, amphibious, 8 rings, camouflage 1, gelatinous body 1,
(nimble swimmer 1), tentacles
a: no special abilities


You were on level 4 of the Dungeon.
You visited 1 branch of the dungeon, and saw 4 of its levels.

You collected 202 gold pieces.

Inventory:

Hand Weapons
 b - a +0 dagger (weapon)
Missiles
 c - 10 poisoned darts (quivered)
 w - 2 boomerangs
Armour
 v - a +2 buckler
Jewellery
 e - a ring of poison resistance (left tentacle)
 i - a ring of resist corrosion (right tentacle)
Wands
 j - a wand of digging (1)
Scrolls
 g - a scroll of acquirement {unknown}
 h - 3 scrolls of teleportation {unknown}
 m - 2 scrolls of silence {unknown}
 n - a scroll of enchant weapon {unknown}
 o - 2 scrolls of fear {unknown}
 q - a scroll of torment {unknown}
 r - a scroll of identify {unknown}
 s - a scroll of fog {unknown}
 t - a scroll of amnesia {unknown}
 u - a scroll of poison {unknown}
Potions
 a - a potion of magic
 d - a potion of resistance {unknown}
 f - 3 potions of curing {unknown}
 k - a potion of haste {unknown}
 l - a potion of might {unknown}
 p - 2 potions of lignification {unknown}


   Skills:
 * Level 1.6 Fighting
 + Level 0.8 Short Blades
 * Level 2.6 Dodging
 + Level 3.7 Stealth
 * Level 0.2 Shields
 * Level 2.5 Spellcasting
 * Level 4.7 Necromancy


You had 5 spell levels left.
You knew the following spells:

 Your Spells              Type           Power      Damage    Failure   Level
a - Necrotise             Necr           80%        1d8       2%          1
d - Vampiric Draining     Necr           20%        2d7       7%          3

Your spell library contained the following spells:

 Spells                   Type           Power      Damage    Failure   Level
 Animate Dead             Necr           20%        N/A       22%         4
 Agony                    Necr           20%        N/A       52%         5


Dungeon Overview and Level Annotations

Branches:
Dungeon (4/15)
 Temple: D:4-7

Altars:
Sif Muna

Annotations:
D:3 Ijyb


Innate Abilities, Weirdness & Mutations

You cannot wear most types of armour.
You are amphibious.
You can wear up to eight rings at the same time.
Your skin changes colour to match your surroundings (Stealth+).
Your rubbery body absorbs attacks. (AC +1, EV +1)
((You are camouflaged when in or above water. (Stealth+)))
You have tentacles for arms and can constrict up to eight enemies at once.


Message History

The floor.
Unknown command.
Okay, then.
Things that are here:
a +0 whip; a +0 leather armour; an orc corpse Ijyb zaps a wand.
The puff of flame hits you!
* * * LOW HITPOINT WARNING * * *
Ijyb zaps a wand.
The puff of flame misses you.
There is a stone staircase leading down here.
You climb downwards.
Reactivating autopickup.
The gnoll shouts!
There is a stone staircase leading up here.
Found 14 gold pieces.
Throw: 12 darts (poison)
Press: ? - help, Q - select action, (/) - cycle Shift-Dir - straight line, f - gnoll
Aim: a gnoll, wielding a +0 flail (60% to hit)
You throw a poisoned dart. The poisoned dart hits the gnoll.
Throw: 11 darts (poison)
Press: ? - help, Q - select action, (/) - cycle Shift-Dir - straight line, f/p - gnoll
Aim: a gnoll, wielding a +0 flail (60% to hit)
You throw a poisoned dart.
The poisoned dart barely misses the gnoll.
Casting: Vampiric Draining (quite dangerous; 7% risk of failure)
Confirm with . or Enter, or press ? or * to list all spells.
The spell is quite dangerous to miscast (7% risk of failure)!
Continue anyway?
Okay, then.
You hit the gnoll. Your grab misses the gnoll.
The gnoll is moderately wounded.
The gnoll hits you with a +0 flail.
* * * LOW HITPOINT WARNING * * *
Casting: Vampiric Draining (quite dangerous; 7% risk of failure)
Confirm with . or Enter, or press ? or * to list all spells.
The spell is quite dangerous to miscast (7% risk of failure)!
Continue anyway?
Aiming: Vampiric Draining (quite dangerous; 7% risk of failure)
Press: ? - help, Shift-Dir - straight line, f/p - gnoll
Aim: a gnoll, wielding a +0 flail (moderately wounded)
You draw life force from the gnoll.
You feel life coursing into your body. The gnoll hits you with a +0 flail!
You die...

........+
###..........#
#$..^.....g.<#
............#
...#+#.....#
.. #.###.# #.
.. #.#
#.#######.#
#..@g.(...#
###########


You could see a gnoll.

Vanquished Creatures
  2 orc wizards (D:3)
  Terence (D:2)
  2 worms
  A dart slug (D:3)
  5 orcs (D:3)
  3 ball pythons
  7 bats
  3 endoplasms
  3 giant cockroaches
  2 goblins
  2 hobgoblins
  5 jackals
  A frilled lizard (D:3)
  5 kobolds
  5 rats
47 creatures vanquished.

Notes
Turn   | Place    | Note
-------+----------+-------------------------------------------
     0 | D:1      | Esekla the Octopode Necromancer began the quest for the
                  | Orb.
     0 | D:1      | Reached XP level 1. HP: 11/11 MP: 3/3
   212 | D:1      | Reached XP level 2. HP: 18/18 MP: 5/5
   776 | D:2      | Found a faded altar of an unknown god.
   909 | D:2      | Reached XP level 3. HP: 22/22 MP: 6/6
   983 | D:2      | Found a shimmering blue altar of Sif Muna.
  1082 | D:2      | Noticed Terence
  1094 | D:2      | Killed Terence
  1095 | D:2      | Reached skill level 1 in Fighting
  1099 | D:2      | Learned a level 3 spell: Vampiric Draining
  1482 | D:3      | Reached XP level 4. HP: 28/28 MP: 7/7
  1483 | D:3      | Noticed Ijyb
  1912 | D:3      | Reached XP level 5. HP: 8/33 MP: 1/8
  1940 | D:4      | HP: 1/33 [gnoll/+0 flail (6)]
  1941 | D:4      | Mangled by a gnoll

Illustrated notes

Levels and vault maps discovered:
D:1:      erik_arrival_blinker_ship, layout_basic, minmay_misc_feat_rows,
          serial_bayou_lagoon_a
D:2:      layout_loops_ring, basic_altar, chequers_ecumenical_altar_island,
          kennysheep_generic_room_7, uniq_terence
D:3:      layout_rooms, minmay_hedge_maze, kennysheep_generic_room_8, uniq_ijyb
D:4:      layout_basic, serial_corexii_hall, corexii_hall_statues_x,
          chequers_hall_statues_corner_a, uniq_duvessa

Skill      XL: |  1  2  3 |
---------------+----------+-----
Stealth        | 3 |  3.7
Fighting       | 1 |  1.6
Short Blades   | |  0.8
Dodging        | |  2.6
Shields        | |  0.2
Spellcasting   | |  2.5
Necromancy     | |  4.7

Action                     |  1- 3 |  4- 6 || total
---------------------------+-------+-------++-------
  Melee: Dagger            |    68 |    44 ||   112
         Constrict         |    18 |    12 ||    30
         Tentacles         |    16 |    11 ||    27
         Unarmed           |     4 |       ||     4
         Punch             |     3 |       ||     3
  Throw: Dart              |     2 |     2 ||     4
   Cast: Vampiric Draining |       |     9 ||     9
   Stab: Sleeping          |     7 |     2 ||     9
 Armour: Skin              |    11 |     4 ||    15
  Dodge: Dodged            |    46 |    31 ||    77
